 Dungeon Crawl Stone Soup version 0.17.2-1-ge4368a0 (webtiles) character file.

60 ololoev the Skirmisher (level 3, -1/43 HPs)
             Began as a Demonspawn Berserker on Aug 1, 2016.
             Was a Follower of Trog.
             Slain by a worker ant (7 damage)
             ... on level 4 of the Dungeon.
             The game lasted 00:00:49 (102 turns).

ololoev the Skirmisher (Demonspawn Berserker)        Turns: 102, Time: 00:00:50

Health: -1/43      AC:  2    Str: 23    XL:     3   Next: 80%
Magic:  3/3        EV: 12    Int: 13    God:    Trog [*.....]
Gold:   28         SH:  0    Dex: 12    Spells: 0 memorised, 2 levels left

rFire  . . .     SeeInvis .     a - +0 hand axe
rCold  . . .     Clarity  .     b - +0 animal skin
rNeg   . . .     SustAt   .     (no shield)
rPois  .         Gourm    .     (no helmet)
rElec  .         Spirit   .     (no cloak)
rCorr  .         Warding  .     (no gloves)
rMut   .         Stasis   .     (no boots)
MR     .....                    (no amulet)
Stlth  ..........               (no ring)
                                e - +5 ring of intelligence

@: berserking (expiring), very quick, not resistant to hostile enchantments,
extremely unstealthy
A: claws 1
a: Berserk, Burn Spellbooks, Renounce Religion


Innate Abilities, Weirdness & Mutations

You have sharp fingernails.

Inventory:

Hand Weapons
 a - a +0 hand axe (weapon)
Armour
 b - a +0 animal skin (worn)
Jewellery
 e - a +5 ring of intelligence (left claw)
Potions
 d - a potion of ambrosia {unknown}
 f - a potion of agility {unknown}
 g - a potion of curing {unknown}
Comestibles
 c - a bread ration


   Skills:
 + Level 3.3 Fighting
 * Level 3.3 Axes
 + Level 2.4 Armour
 + Level 2.2 Dodging


You had 2 spell levels left.
You didn't know any spells.


You were on level 4 of the Dungeon.
You worshipped Trog.
Trog was aware of your devotion.
You were not hungry.

You visited 1 branch of the dungeon, and saw 3 of its levels.

You collected 28 gold pieces.

##########
#........# ##
#........#...
#............
#............
#....@a..#..
#...o)...#
#........#
#####..##..
#... ...
###.. .. ...
. #..

Notes
Turn   | Place    | Note
--------------------------------------------------------------
     0 | D:1      | ololoev the Demonspawn Berserker began the quest for the Orb.
     0 | D:1      | Reached XP level 1. HP: 18/18 MP: 1/1
    87 | D:2      | You fall through a shaft for 2 floors!
    90 | D:4      | Noticed a worker ant
    91 | D:4      | Noticed an orc wizard
    94 | D:4      | Noticed a worker ant
    98 | D:4      | Gained mutation: You have sharp fingernails. [demonic ancestry]
    98 | D:4      | Reached XP level 2. HP: 16/24 MP: 2/2
   100 | D:4      | Killed an orc wizard
   100 | D:4      | Reached XP level 3. HP: 9/29 MP: 3/3
   101 | D:4      | Killed a worker ant
   102 | D:4      | Slain by a worker ant

Dungeon Overview and Level Annotations

Branches:
Dungeon (4/15)
 Temple: D:4-7

Altars:


Message History

Your demonic ancestry asserts itself...
Your fingernails lengthen.
You hit the orc wizard.
The orc wizard is almost dead.
The orc wizard barely misses you. The worker ant barely misses you.
Unknown command.
You closely miss the worker ant. You slash the orc!
The orc is severely wounded.
You barely miss the orc wizard.
The orc wizard is almost dead.
The orc wizard misses you. The worker ant bites you!
Unknown command.
Unknown command.
You slash the worker ant!
The worker ant is severely wounded.
You closely miss the orc.
The orc is severely wounded.
You hit the orc wizard.
You kill the orc wizard!
Trog accepts your kill.
Trog appreciates your killing of a magic user.
Your Axes skill increases to level 3!
You have reached level 3!
Your experience leads to an increase in your attributes!
Your base attributes are Str 17, Int 8, Dex 12.
Increase (S)trength, (I)ntelligence, or (D)exterity?
You feel stronger. The orc closely misses you. The worker ant bites you.
You slash the worker ant!
You kill the worker ant!
Trog accepts your kill.
You barely miss the orc. You slash the orc!
You kill the orc!
Trog accepts your kill.
Unknown command.
Unknown command.
You barely miss the worker ant. You hit the orc.
The orc is heavily wounded.
The orc misses you. The worker ant bites you!
You die...

You could see a worker ant and an orc.

Vanquished Creatures
  An orc wizard (D:4)
  A worker ant (D:4)
  2 orcs (D:4)
  A goblin (D:1)
  2 jackals (D:4)
  A bat (D:1)
  A kobold (D:1)
  2 rats (D:1)
11 creatures vanquished.

Action                   || total
-------------------------++-------
Melee: Hand axe          ||    22
Invok: Berserk           ||     1

Vault maps used:
D:1:      lordsloth_arrival_two_stooges
D:4:      minmay_temple_entry_large_hall, first_bread, serial_shops,
          nicolae_shop_trees
